 Dungeon Crawl Stone Soup version 0.32-a0-39-g5c88369fb2 (webtiles) character file.

Game seed: 9323770073803557026

39 Ge0ff the Trooper (level 3, -3/29 HPs)
             Began as a Mummy Cinder Acolyte on Jan 30, 2024.
             Was a High Priest of Ignis.
             Killed from afar by Sigmund (5 damage)
             ... with a magic dart
             ... on level 2 of the Dungeon.
             The game lasted 00:01:52 (1402 turns).

Ge0ff the Trooper (Mummy Cinder Acolyte)            Turns: 1402, Time: 00:01:53

Health: -3/29      AC:  9    Str: 17    XL:     3   Next: 28%
Magic:  4/6        EV: 11    Int: 15    God:    Ignis [*****.]
Gold:   72         SH:  0    Dex:  7    Spells: 5/7 levels left

rFire   . . .        a - -1 spear (flame)
rCold   + . .        (no shield)
rNeg    + + +        b - +0 robe
rPois   ∞            (no helmet)
rElec   .            (no cloak)
rCorr   .            (no gloves)
SInv    .            (no boots)
Will    .....        (no amulet) Stlth
                     (no ring)
HPRegen 0.24/turn    (no ring)
MPRegen 0.10/turn

%: faith
@: silenced, fiery-armoured
A: cold resistance 1, negative energy resistance 3, torment resistance 2, heat
vulnerability 1, in touch with death 1, no potions, faith
a: Renounce Religion


You were on level 2 of the Dungeon.
You worshipped Ignis.
Ignis was extremely pleased with you.
You visited 1 branch of the dungeon, and saw 2 of its levels.

You collected 72 gold pieces.

Inventory:

Hand Weapons
 a - a -1 spear of flaming (weapon)
Missiles
 c - 16 stones
Armour
 b - a +0 robe (worn)
Scrolls
 e - a scroll of identify {unknown}


   Skills:
 - Level 3.0 Fighting
 - Level 2.4 Polearms
 + Level 1.4 Stealth
 + Level 2.5 Spellcasting
 + Level 2.9 Fire Magic


You had 5 spell levels left.
You knew the following spells:

 Your Spells              Type           Power      Damage    Failure   Level
C - Scorch                Fire           20%        2d5       10%         2

Your spell library contained the following spells:

 Spells                   Type           Power      Damage    Failure   Level


Dungeon Overview and Level Annotations

Branches:
Dungeon (2/15) Zot: 10597

Altars:

Annotations:
D:2 Sigmund, Terence


Innate Abilities, Weirdness & Mutations

You are immune to poison.
Your flesh is cold resistant. (rC+)
You are immune to negative energy. (rN+++)
You are immune to unholy pain and torment.
You are vulnerable to heat. (rF-)
You are in touch with the powers of death.
You do not drink.
You have a special connection with the divine. (Faith)


Message History

Aim: Sigmund, wielding a +0 scythe, wearing a +0 robe and carrying a wand of flame (silenced, about 48% to evade your -1 spear of flaming)
You reach to attack!
You hit Sigmund. You burn Sigmund.
Sigmund is moderately wounded.
Sigmund hits you from afar with a +0 scythe!
* * * LOW HITPOINT WARNING * * *
Reach: a) -1 spear (flame)
Press: ? - help, Dir - move target, f/p - Sigmund
Aim: Sigmund, wielding a +0 scythe, wearing a +0 robe and carrying a wand of flame (silenced, moderately wounded, about 48% to evade your -1 spear of flaming)
You reach to attack!
You barely miss Sigmund.
Sigmund is moderately wounded.
Sigmund closely misses you.
Reach: a) -1 spear (flame)
Press: ? - help, Dir - move target, f/p - Sigmund
Aim: Sigmund, wielding a +0 scythe, wearing a +0 robe and carrying a wand of flame (silenced, moderately wounded, about 48% to evade your -1 spear of flaming)
You reach to attack!
You hit Sigmund. You burn Sigmund.
Sigmund is heavily wounded.
Reach: a) -1 spear (flame)
Press: ? - help, Dir - move target, f/p - Sigmund
Aim: Sigmund, wielding a +0 scythe, wearing a +0 robe and carrying a wand of flame (silenced, heavily wounded, about 48% to evade your -1 spear of flaming)
You reach to attack!
You closely miss Sigmund.
Sigmund is heavily wounded.
Sigmund misses you.
Reach: a) -1 spear (flame)
Press: ? - help, Dir - move target, f/p - Sigmund
Aim: Sigmund, wielding a +0 scythe, wearing a +0 robe and carrying a wand of flame (silenced, heavily wounded, about 48% to evade your -1 spear of flaming)
You reach to attack!
You hit Sigmund. You burn Sigmund.
Sigmund is severely wounded.
Sigmund barely misses you.
Reach: a) -1 spear (flame)
Press: ? - help, Dir - move target, f/p - Sigmund
Aim: Sigmund, wielding a +0 scythe, wearing a +0 robe and carrying a wand of flame (silenced, severely wounded, about 48% to evade your -1 spear of flaming)
You reach to attack!
You hit Sigmund but do no damage.
Sigmund is severely wounded.
Reach: a) -1 spear (flame)
Press: ? - help, Dir - move target, f/p - Sigmund
Aim: Sigmund, wielding a +0 scythe, wearing a +0 robe and carrying a wand of flame (silenced, severely wounded, about 48% to evade your -1 spear of flaming)
You reach to attack!
You hit Sigmund but do no damage.
Sigmund is severely wounded.
Sigmund zaps a wand.
The puff of flame hits you.
* * * LOW HITPOINT WARNING * * *
Sigmund zaps a wand.
The puff of flame misses you.
Sigmund zaps a wand.
The puff of flame hits you.
* * * LOW HITPOINT WARNING * * *
Sigmund gestures at you while chanting. The magic dart hits you.
You die...
Sigmund begins carving another notch in his scythe.

#.....###.....##..# # .#.
#.###...#####.....# .#.... #.#
###..######.%.## ###...###
#.######.......#...####........
.....# #.......#...#....###.#
.....# ##............###....#
.....# #.......#....###)##$.#
.....# ########.##...@@...# .@#
.....#..........@...#####.# ...
.............#.#......##.......##
.......... ........#..#.#####.#
.<.....##......####.##...
......## .###.. #.# .#.#
####..... #. #.##.#.# ........#
.. #... #. #..###.... .. .. ..
..## ..##


You could see Sigmund and Terence.

Vanquished Creatures
  An adder (D:2)
  2 dart slugs
  3 endoplasms
  5 goblins
  2 quokkas
  3 ball pythons (D:1)
  6 bats
  A frilled lizard (D:1)
  A kobold (D:1)
  3 rats (D:1)
27 creatures vanquished.

Notes
Turn   | Place    | Note
-------+----------+-------------------------------------------
     0 | D:1      | Ge0ff the Mummy Cinder Acolyte began the quest for the Orb.
     0 | D:1      | Reached XP level 1. HP: 18/18 MP: 2/2
   248 | D:1      | Reached XP level 2. HP: 24/24 MP: 4/4
   251 | D:1      | Learned a level 2 spell: Scorch
   768 | D:1      | Reached skill level 1 in Stealth
  1208 | D:2      | Reached XP level 3. HP: 29/29 MP: 1/6
  1375 | D:2      | Noticed Sigmund
  1382 | D:2      | Noticed Terence
  1402 | D:2      | Killed from afar by Sigmund

Illustrated notes

Levels and vault maps discovered:
D:1:      onia_arrival_pentagram, layout_basic
D:2:      layout_rooms, hangedman_decor_growths, uniq_terence, uniq_sigmund

Skill      XL: |  1  2 |
---------------+-------+-----
Spellcasting   | 2 |  2.5
Stealth        | 1 |  1.4
Fighting       | |  3.0
Polearms       | |  2.4
Fire Magic     | |  2.9

Action                     || total
---------------------------++-------
  Melee: Spear             ||    39
         Punch             ||     1
   Cast: Scorch            ||    21
 Invoke: Fiery Armour      ||     1
    Use: Scroll            ||     1
 Armour: Robe              ||    25
  Dodge: Dodged            ||    19

Table legend: (Time is in decaauts)
 A = Elapsed time spent in this place.
 B = Non-inter-level travel time spent in this place.
 C = Inter-level travel time spent in this place.
 D = Time resting spent in this place.
 E = Time spent auto-exploring this place.
 F = Levels seen in this place.
 G = Mean time per level.
                   A        B        C        D        E       F      G
               +--------+--------+--------+--------+--------+-----+--------+
         Total |   1401 |   1372 |     29 |      0 |   1183 |   2 |  700.5 |
       Dungeon |   1401 |   1372 |     29 |      0 |   1183 |   2 |  700.5 |
               +--------+--------+--------+--------+--------+-----+--------+

Top non-repeatable levels by time:
     D:1: 1072 daAuts
     D:2: 328 daAuts
